 Dungeon Crawl Stone Soup version 0.16-a0-734-gc254e8c (webtiles) character file.

169 Ratboiler the Fighter (level 5, 0/58 HPs)
             Began as a Demigod Air Elementalist on Sept 22, 2014.
             Succumbed to a water moccasin's poison
             ... on Level 3 of the Dungeon.
             The game lasted 00:06:34 (2440 turns).

Ratboiler the Fighter (Demigod Air Elementalist)    Turns: 2440, Time: 00:06:34

HP   0/58        AC  6     Str 18      XL: 5   Next:  4%
MP   7/10        EV 10     Int 25      God:
Gold 74          SH  0     Dex 16      Spells:  2 memorised,  4 levels left

rFire  . . .     SeeInvis .     a - +2 dagger (venom)
rCold  . . .     Clarity  .     p - +0 ring mail
rNeg   . . .     rCorr    .     (no shield)
rPois  .         rRot     .     d - +0 helmet
rElec  .         Spirit   .     (no cloak)
SustAb .         Warding  .     (no gloves)
rMut   .         Stasis   .     (no boots)
Gourm  .                        (no amulet)
MR     .....                    (no ring)
                                (no ring)

@: mighty, brilliant, lethally poisoned, flying, repel missiles, not resistant
to hostile enchantments, very unstealthy
A: no striking features
a: no special abilities


You were on level 3 of the Dungeon.
You were not hungry.

You visited 1 branch of the dungeon, and saw 3 of its levels.

You collected 74 gold pieces.

Inventory:

Hand weapons
 a - a +2 dagger of venom (weapon)
Missiles
 n - 17 poisoned needles
Armour
 d - a +0 helmet (worn)
 j - a +0 shield
 p - a +0 ring mail (worn)
Comestibles
 c - 2 bread rations
 t - 2 fruits
Scrolls
 g - 6 scrolls of remove curse
 h - a scroll of fear {unknown}
 k - 2 scrolls of teleportation {unknown}
 l - 2 scrolls of magic mapping {unknown}
 m - 3 scrolls of enchant weapon {unknown}
 o - 3 scrolls of identify {unknown}
 q - a scroll of fog {unknown}
 u - 2 scrolls of amnesia {unknown}
 v - a scroll of immolation {unknown}
 y - a scroll of blinking {unknown}
 z - a scroll of recharging {unknown}
Potions
 r - a potion of restore abilities
Books
 b - a book of Air

   Spells                             Type                      Level
   *Shock                             Conjuration/Air              1
   Swiftness                          Charms/Air                   2
   *Repel Missiles                    Charms/Air                   2
   Flight                             Charms/Air                   3
   Static Discharge                   Conjuration/Air              3
   Lightning Bolt                     Conjuration/Air              5


   Skills:
 - Level 10.3 Fighting
 - Level 1.7 Dodging
 - Level 1.7 Stealth
 - Level 1.7 Spellcasting
 + Level 2.6 Conjurations
 + Level 3.7 Air Magic


You had 4 spell levels left.
You knew the following spells:

 Your Spells              Type           Power        Failure   Level  Hunger
a - Shock                 Conj/Air       ####         1%          1    #......
b - Repel Missiles        Chrm/Air       ####..       1%          2    ##.....


Dungeon Overview and Level Annotations

Branches:
Dungeon (3/15)


Message History

You feel better.
It was a potion of curing.
The water moccasin bites you.
* * * LOW HITPOINT WARNING * * *
The water moccasin bites you.
* * * LOW HITPOINT WARNING * * *
Drink which item? (? for menu, Esc to quit)
Okay, then.
Drink which item? (? for menu, Esc to quit)
You feel very buoyant.
You fly up into the air.
It was a potion of flight.
The water moccasin bites you.
* * * LOW HITPOINT WARNING * * *
You are lethally poisoned!
The water moccasin poisons you!
* * * LOW HITPOINT WARNING * * *
You feel sick. The water moccasin barely misses you.
* * * LOW HITPOINT WARNING * * *
You feel sick.
* * * LOW HITPOINT WARNING * * *
You feel sick.
You die...

###...............##
#........######..#
#...%.............
#.##############..
#.# #.. #.# #.. #.#
. ... #.# ... ..
#@######.... ..
#.##........ .
#S##........
#K##.........
#...)K.......
####.........
#........ #........
#........


You could see a water moccasin and a kobold.

Vanquished Creatures
  4 adders (D:2)
  A giant gecko (D:3)
  An ooze (D:2)
  An orc (D:3)
  A ball python (D:1)
  5 bats
  A giant cockroach (D:2)
  5 hobgoblins
  3 jackals (D:2)
  A quokka (D:3)
  A giant newt (D:2)
  6 goblins
  8 kobolds
  7 rats
45 creatures vanquished.

Notes
Turn   | Place    | Note
--------------------------------------------------------------
     0 | D:1      | Ratboiler, the Demigod Air Elementalist, began the quest for the Orb.
     0 | D:1      | Reached XP level 1. HP: 14/14 MP: 3/3
    41 | D:1      | Reached skill level 1 in Conjurations
   674 | D:1      | Reached XP level 2. HP: 20/20 MP: 1/4
   860 | D:1      | Learned a level 2 spell: Repel Missiles
  1108 | D:2      | Reached skill level 3 in Air Magic
  1121 | D:2      | Found a glowing golden altar of the Shining One.
  1412 | D:2      | Reached XP level 3. HP: 26/26 MP: 0/7
  1515 | D:2      | Found a shadowy altar of Dithmenos.
  2246 | D:3      | Found an iron altar of Okawaru.
  2371 | D:3      | Reached XP level 4. HP: 31/33 MP: 9/9
  2421 | D:3      | Noticed a water moccasin
  2432 | D:3      | Reached skill level 10 in Fighting
  2432 | D:3      | Reached XP level 5. HP: 11/58 MP: 6/10
  2438 | D:3      | HP: 2/58 [poisoned by a water moccasin]
  2440 | D:3      | Succumbed to a water moccasin's poison

Action                   |  1- 3 |  4- 6 || total
-------------------------+-------+-------++-------
Melee: Short sword       |    20 |       ||    20
       Dagger            |    78 |     4 ||    82
 Cast: Shock             |    26 |     3 ||    29
       Repel Missiles    |     1 |       ||     1
  Use: Scroll            |     2 |       ||     2
       Potion            |       |     6 ||     6
  Eat: Chunk             |     3 |     1 ||     4
       Pizza             |     1 |       ||     1
